[Event "Marienbad Open 2020"]
[Site "Marianske Lazne"]
[Date "2020.01.22"]
[Round "6.16"]
[White "Laxman, R.R."]
[Black "Kolbus, Dietmar"]
[Result "1/2-1/2"]
[ECO "D02"]
[WhiteElo "2441"]
[BlackElo "2294"]
[Annotator "NA"]
[PlyCount "106"]
[EventDate "2020.01.18"]
[EventType "tourn"]
[EventCountry "CZE"]
[SourceTitle "playchess.com"]
[Source "ChessBase"]
[SourceQuality "1"]
[TimeControl "40/5400+30:1800+30"]

1. d4 d5 2. Nf3 c6 3. e3 Bf5 4. Nh4 Bc8 5. Nf3 Bf5 6. Bd3 Bxd3 7. cxd3 Nf6 8. O-O e6 9. Nc3 Be7 10. Ne5 O-O 11. Bd2 Nbd7 12. Rc1 c5 13. Nxd7 Qxd7 14. dxc5 Bxc5 15. Na4 Be7 16. Nc5 Bxc5 17. Rxc5 Rfc8 18. Rxc8+ Rxc8 19. Bc3 Qe7 20. Qa4 a6 21. e4 dxe4 22. dxe4 Qd7 23. Qb4 b5 24. f3 Rc4 25. Qb3 Qa7+ 26. Kh1 h6 27. Qd1 Rc8 28. Qd6 Ne8 29. Qd2 f6 30. g3 e5 31. Qd5+ Qf7 32. Rd1 Qxd5 33. Rxd5 Rc6 34. Rd8 Kf7 35. Rd7+ Kg6 36. g4 h5 37. Re7 Rc8 38. h3 hxg4 39. hxg4 b4 40. Bxb4 Rc1+ 41. Kg2 Rc2+ 42. Kg3 Rxb2 43. a3 a5 44. Bxa5 Nd6 45. Rc7 Nf7 46. Bc3 Ra2 47. Bb4 Ng5 48. Rd7 Rb2 49. Rd3 Ne6 50. Bd2 Ra2 51. Be3 Kf7 52. Rd7+ Ke8 53. Rd3 Ra1 1/2-1/2